 Dungeon Crawl Stone Soup version 0.18.1-48-g4cf74bf (webtiles) character file.

215 Melfield the Skirmisher (level 5, 0/47 HPs)
             Began as a Draconian Berserker on Aug 11, 2016.
             Was a Priest of Trog.
             Slain by an adder (1 damage)
             ... on level 4 of the Dungeon.
             The game lasted 00:21:08 (2851 turns).

Melfield the Skirmisher (Draconian Berserker)       Turns: 2851, Time: 00:21:08

Health: 0/47       AC:  5    Str: 19    XL:     5   Next: 60%
Magic:  5/5        EV: 16    Int:  8    God:    Trog [***...]
Gold:   101        SH:  7    Dex: 16    Spells: 0 memorised, 4 levels left

rFire  . . .     SeeInvis .     w - 49 sling bullets
rCold  . . .     Gourm    .     (armour unavailable)
rNeg   . . .     Faith    .     v - +0 shield
rPois  .         Spirit   .     (helmet restricted)
rElec  .         Dismiss  .     (no cloak)
rCorr  .         Reflect  .     (no gloves)
SustAt .         Harm     .     (no boots)
MR     .....                    (no amulet)
Stlth  +++.......               (no ring)
                                t - ring of wizardry

@: agile, lethally poisoned (0 -> -6), not resistant to hostile enchantments,
fairly stealthy
A: unfitting armour, cold-blooded, AC +5
a: Berserk, Trog's Hand, Burn Spellbooks, Renounce Religion


You were on level 4 of the Dungeon.
You worshipped Trog.
Trog was most pleased with you.
You were not hungry.

You visited 1 branch of the dungeon, and saw 4 of its levels.

You collected 101 gold pieces.

Inventory:

Hand Weapons
 g - a +0 mace
 p - a +0 morningstar
 s - a +0 trident
Missiles
 w - 49 sling bullets (in hand)
Armour
 a - a +0 chain mail
 f - a +0 leather armour
 r - a cursed -2 leather armour
 v - a +0 shield (worn)
 x - a +0 leather armour
 z - a +0 cloak
Jewellery
 t - a ring of wizardry (left hand)
Scrolls
 h - 2 scrolls of enchant armour {unknown}
 i - 2 scrolls of magic mapping {unknown}
 j - 6 scrolls of identify {unknown}
 k - a scroll of immolation {unknown}
 l - a scroll of fear {unknown}
 m - a scroll of remove curse {unknown}
 o - a scroll of recharging {unknown}
 q - a scroll of fog {unknown}
 y - a scroll of blinking {unknown}
Potions
 c - 2 potions of mutation {unknown}
 u - a potion of magic {unknown}
 A - a potion of curing
Comestibles
 b - a bread ration
 d - 3 beef jerkies
 B - 5 fruits


   Skills:
 + Level 4.4 Fighting
   Level 3.6(3.8) Axes
 + Level 1.2(2.6) Maces & Flails
 + Level 0.8(2.4) Polearms
 + Level 4.3 Dodging
 + Level 1.0 Stealth


You had 4 spell levels left.
You didn't know any spells.

Dungeon Overview and Level Annotations

Branches:
Dungeon (4/15)
 Temple: D:4-7

Altars:
Kikubaaqudgha


Innate Abilities, Weirdness & Mutations

Your plain brown scales are hard (AC +5).
Your body does not fit into most forms of armour.
You are cold-blooded and may be slowed by cold attacks.


Message History

The adder is severely wounded.
The adder bites you.
* * * LOW HITPOINT WARNING * * *
You are poisoned.
The adder poisons you! You block the giant newt's attack. The adder bites you.
* * * LOW HITPOINT WARNING * * *
You are lethally poisoned!
The adder poisons you!
You clumsily bash the adder but do no damage.
The adder is severely wounded.
* * * LOW HITPOINT WARNING * * *
You feel sick. You block the adder's attack. You block the giant newt's attack.
The adder misses you. The giant newt misses you.
Unknown command.
You closely miss the adder.
The adder is severely wounded.
* * * LOW HITPOINT WARNING * * *
You feel sick. The adder barely misses you. The giant newt barely misses you.
The adder bites you.
You die...

###
..#
#.#
#.#
#.#
#l#
#@#
#S#
#.#
#.#
#.#
#.#
#.#
###.#
#...#


You could see an adder and a giant newt.

Vanquished Creatures
  Jessica (D:2)
  Ijyb (D:2)
  A worker ant (D:3)
  3 adders
  An ooze (D:1)
  2 worms
  12 dart slugs
  4 orcs (D:3)
  2 giant cockroaches
  10 goblins
  6 hobgoblins
  11 jackals
  6 kobolds
  2 quokkas (D:3)
  2 ball pythons (D:2)
  5 bats
  4 giant newts
  3 rats
76 creatures vanquished.

Notes
Turn   | Place    | Note
--------------------------------------------------------------
     0 | D:1      | Melfield the Draconian Berserker began the quest for the Orb.
     0 | D:1      | Reached XP level 1. HP: 19/19 MP: 1/1
    12 | D:1      | Noticed a minotaur zombie
   233 | D:1      | Reached XP level 2. HP: 23/26 MP: 2/2
   583 | D:2      | Reached XP level 3. HP: 16/33 MP: 3/3
   585 | D:2      | Reached ** piety under Trog
  1192 | D:2      | Noticed Jessica
  1200 | D:2      | Reached XP level 4. HP: 32/40 MP: 4/4
  1207 | D:2      | Killed Jessica
  1263 | D:2      | Noticed Ijyb
  1276 | D:2      | Killed Ijyb
  1276 | D:2      | Reached skill level 1 in Maces & Flails
  1276 | D:2      | Reached skill level 1 in Stealth
  1504 | D:3      | Found an ancient bone altar of Kikubaaqudgha.
  1738 | D:3      | Reached XP level 5. HP: 16/46 MP: 5/5
  2344 | D:3      | Reached *** piety under Trog
  2842 | D:4      | HP: 2/47 [adder (3)]
  2850 | D:4      | HP: 2/47 [poisoned by an adder]
  2851 | D:4      | Slain by an adder

Skill      XL: |  1  2  3  4  5 |
---------------+----------------+-----
Dodging        | 3 4 |  4.3
Fighting       | 4 |  4.4
Maces & Flails | 1 |  1.2
Stealth        | 1 |  1.0
Axes           | |  3.6
Polearms       | |  0.8

Action                   |  1- 3 |  4- 6 || total
-------------------------+-------+-------++-------
Melee: Hand axe          |    17 |       ||    17
       Mace              |    56 |    24 ||    80
       Tailslap          |     6 |    28 ||    34
       Morningstar       |    19 |       ||    19
       Trident           |       |   169 ||   169
  Use: Scroll            |     1 |     2 ||     3
       Potion            |       |     3 ||     3
  Eat: Bread ration      |       |     2 ||     2
Armor: Skin              |    30 |    97 ||   127
Dodge: Dodged            |    99 |   229 ||   328
Block: Shield            |       |    50 ||    50
